 Dungeon Crawl Stone Soup version 0.18.1-50-g88ac8fd (webtiles) character file.

740 Econoterrorist the Carver (level 7, 0/60 HPs)
             Began as a Minotaur Gladiator on Sept 23, 2016.
             Was a Follower of Okawaru.
             Succumbed to a scorpion's poison
             ... in an ossuary.
             The game lasted 00:09:08 (4242 turns).

Econoterrorist the Carver (Minotaur Gladiator)      Turns: 4242, Time: 00:09:08

Health: 0/60       AC:  9    Str: 20    XL:     7   Next: 46%
Magic:  6/6        EV:  9    Int:  7    God:    Okawaru [*.....]
Gold:   89         SH:  0    Dex: 10    Spells: 0 memorised, 6 levels left

rFire  . . .     SeeInvis .     a - +0 long sword
rCold  . . .     Gourm    .     g - +0 chain mail
rNeg   . . .     Faith    .     (no shield)
rPois  .         Spirit   .     c - +0 hat
rElec  .         Dismiss  .     (no cloak)
rCorr  .         Reflect  .     (no gloves)
SustAt .         Harm     .     (no boots)
MR     .....                    (no amulet)
Stlth  ..........               (no ring)
                                (no ring)

@: lethally poisoned (0 -> -4), not resistant to hostile enchantments, extremely
unstealthy
A: retaliatory headbutt, horns 2
a: Heroism, Renounce Religion


You were in an ossuary.
You worshipped Okawaru.
Okawaru was aware of your devotion.
You were not hungry.

You visited 1 branch of the dungeon, and saw 4 of its levels.
You also visited: Ossuary.

You collected 89 gold pieces.

Inventory:

Hand Weapons
 a - a +0 long sword (weapon)
Missiles
 d - 3 throwing nets (quivered)
Armour
 c - a +0 hat (worn)
 g - a +0 chain mail (worn)
Scrolls
 e - 6 scrolls of identify {unknown}
 h - a scroll of remove curse {unknown}
 j - 5 scrolls of fear {unknown}
 k - 2 scrolls of noise {unknown}
 l - a scroll of amnesia {unknown}
 n - a scroll of teleportation {unknown}
 s - a scroll of immolation {unknown}
 t - a scroll of recharging {unknown}
Potions
 i - a potion of agility
 o - a potion of cancellation
 p - 2 potions of might
 q - 2 potions of curing {unknown}
 r - a potion of ambrosia {unknown}
Comestibles
 b - 2 slices of pizza
 f - 4 bread rations
 m - 2 meat rations


   Skills:
 + Level 4.4 Fighting
 + Level 8.6 Long Blades
 - Level 2.0 Throwing
 + Level 2.8 Armour
 + Level 4.6 Dodging


You had 6 spell levels left.
You didn't know any spells.

Dungeon Overview and Level Annotations

Branches:
Dungeon (4/15)
 Temple: D:4-7

Altars:
Dithmenos
Okawaru


Innate Abilities, Weirdness & Mutations

You reflexively headbutt those who attack you in melee.
You have a pair of horns on your head.


Message History

The scorpion is almost dead.
You feel sick. The scorpion stings you.
* * * LOW HITPOINT WARNING * * *
The scorpion zombie hits you but does no damage.
You hit the scorpion but do no damage. Your headbutt misses the scorpion.
The scorpion is almost dead.
The scorpion stings you but does no damage.
The scorpion zombie hits you.
* * * LOW HITPOINT WARNING * * *
Drink which item? (? for menu, Esc to quit)
It was a potion of agility.
You feel agile all of a sudden.
You feel sick. The scorpion stings you.
* * * LOW HITPOINT WARNING * * *
Drink which item? (? for menu, Esc to quit)
It was a potion of cancellation.
Your magical effects are unravelling.
You feel magically purged.
You feel a little less agile now.
You die...

..#...#..^#.....#.....#
'#######'###########'##
^.#...#...#...#...#..^#
..'...8...#...'...'...#
^.#.......#^.^#...#...#
####8...8###†##########
!M#.......#...#...#MM?#
..#...8...#...8...#!.!#
.?#...#...#....s@.#.?!#
+###########8..Z8###s##
#.......# ..
..'...8...'..
...#...#...#...#
################


You could see a scorpion and a scorpion zombie.

Vanquished Creatures
  An orc warrior (D:2)
  6 scorpions (Ossuary)
  2 centaur zombies (Ossuary)
  A human zombie (Ossuary)
  An orc wizard (D:3)
  A big kobold zombie (Ossuary)
  A mummy (Ossuary)
  5 scorpion zombies (Ossuary)
  4 adders
  An ooze (D:2)
  4 worms
  A dart slug (D:1)
  A giant gecko (D:3)
  11 orcs
  2 ball pythons
  4 giant cockroaches
  3 gnoll zombies (Ossuary)
  2 hobgoblins
  11 jackals
  6 kobolds
  4 quokkas
  6 bats
  7 giant newts
  5 goblins
  3 goblin zombies (Ossuary)
  2 kobold zombies (Ossuary)
  An orc zombie (Ossuary)
  5 rats
101 creatures vanquished.

Notes
Turn   | Place    | Note
--------------------------------------------------------------
     0 | D:1      | Econoterrorist the Minotaur Gladiator began the quest for the Orb.
     0 | D:1      | Reached XP level 1. HP: 18/18 MP: 0/0
    86 | D:1      | Reached skill level 4 in Long Blades
   131 | D:1      | Reached XP level 2. HP: 19/25 MP: 1/1
   757 | D:1      | Reached skill level 5 in Long Blades
  1031 | D:1      | Reached XP level 3. HP: 30/30 MP: 2/2
  1372 | D:2      | You fall through a shaft!
  1737 | D:2      | Reached XP level 4. HP: 37/37 MP: 3/3
  1751 | D:3      | Noticed an orc warrior
  1766 | D:3      | Reached skill level 6 in Long Blades
  2086 | D:2      | Killed an orc warrior
  2086 | D:2      | Reached skill level 7 in Long Blades
  2086 | D:2      | Reached XP level 5. HP: 3/42 MP: 4/4
  2430 | D:3      | Found an iron altar of Okawaru.
  2435 | D:3      | Became a worshipper of Warmaster Okawaru
  2437 | D:3      | Found a shadowy altar of Dithmenos.
  2695 | D:3      | Reached skill level 8 in Long Blades
  3286 | D:4      | Found a sand-covered staircase.
  3292 | Ossuary  | Entered an ossuary
  3310 | Ossuary  | Reached XP level 6. HP: 38/50 MP: 5/5
  3402 | Ossuary  | Reached skill level 1 in Armour
  3510 | Ossuary  | Reached * piety under Okawaru
  3623 | Ossuary  | Reached XP level 7. HP: 22/58 MP: 6/6
  4241 | Ossuary  | HP: 1/60 [scorpion (5)]
  4242 | Ossuary  | Succumbed to a scorpion's poison

Skill      XL: |  1  2  3  4  5  6  7 |
---------------+----------------------+-----
Long Blades    | 4 5 7 8 |  8.6
Armour         | 2 |  2.8
Fighting       | 3 4 |  4.4
Dodging        | 4 |  4.6
Throwing       | |  2.0

Action                   |  1- 3 |  4- 6 |  7- 9 || total
-------------------------+-------+-------+-------++-------
Melee: Long sword        |   121 |   100 |    68 ||   289
       Headbutt          |    16 |    22 |    19 ||    57
  Use: Potion            |       |     1 |     2 ||     3
  Eat: Chunk             |     2 |     4 |       ||     6
       Beef jerky        |       |     2 |       ||     2
       Pizza             |       |       |     1 ||     1
Armor: Leather armour    |     5 |       |       ||     5
       Chain mail        |    59 |    64 |    20 ||   143
Dodge: Dodged            |    56 |    54 |    21 ||   131
